 Dungeon Crawl Stone Soup version 0.28-a0-479-g5baa6b73be (webtiles) character file.

Game seed: 6283543565747035682

25709 Dabor the Geomancer (level 12, -22/97 HPs)
             Began as a Deep Dwarf Earth Elementalist on Sept 19, 2021.
             Was an Initiate of Ignis.
             Annihilated by Rupert (35 damage)
             ... on level 1 of the Orcish Mines.
             The game lasted 01:19:54 (16680 turns).

Dabor the Geomancer (DDEE)                         Turns: 16680, Time: 01:19:54

Health: -22/97     AC: 11    Str: 14    XL:     12   Next: 91%
Magic:  7/29 (20)  EV: 13    Int: 30    God:    Ignis [......]
Gold:   1368       SH:  9    Dex: 13    Spells: 4/28 levels left

rFire   + . .      SeeInvis .   v - +8 spear "Murgh" {flame, rF- Int+8}
rCold   + . .      Faith    .   S - +0 kite shield
rNeg    . . .      Spirit   .   M - +0 steam dragon scales
rPois   .          Reflect  .   D - +2 hat {Int+3}
rElec   .          Harm     .   P - scarf {rC+ rF+}
rCorr   .          Rampage  .   W - +1 pair of gloves
Will    +....                   s - +1 pair of boots
Stlth   ++++......              K - amulet of magic regeneration
HPRegen 0.00/turn               a - ring of wizardry
MPRegen 0.46/turn               Y - ring of magical power

@: lethally poisoned (-22 -> -22)
A: damage resistance, heal wounds, sense surroundings 2, no regeneration
a: Heal Wounds, Renounce Religion


You were on level 1 of the Orcish Mines.
You worshipped Ignis.
Ignis was noncommittal.
You visited 2 branches of the dungeon, and saw 14 of its levels.
You also visited: Sewer and Ice Cave.

You collected 1368 gold pieces.

Inventory:

Hand Weapons
 f - a +0 rapier
 i - a +6 short sword
 l - a +2 rapier of distortion
 t - a +0 mace of holy wrath
 v - the +8 spear "Murgh" (weapon) {flame, rF- Int+8}
   (You found it on level 5 of the Dungeon)

   It burns those it strikes, dealing additional fire damage.
   Int:       It affects your intelligence (+8).
   rF:        It makes you vulnerable to fire.
 w - a +1 halberd of protection
Missiles
 c - 287 stones
 p - 2 throwing nets
Armour
 s - a +1 pair of boots (worn)
 D - a +2 hat of intelligence (worn)
 M - +0 steam dragon scales (worn)
 P - a scarf of resistance (worn)
 S - a +0 kite shield (worn)
 W - a +1 pair of gloves (worn)
Jewellery
 a - a ring of wizardry (left hand)
 n - a +4 ring of evasion
 K - an amulet of magic regeneration (around neck)
 Y - a ring of magical power (right hand)
 Z - an amulet of faith
Wands
 u - a wand of flame (27)
 H - a wand of iceblast (6)
 J - a wand of polymorph (4)
 Q - a wand of charming (9)
Scrolls
 b - 2 scrolls of fog
 g - a scroll of holy word
 k - 3 scrolls of noise
 o - 2 scrolls of enchant armour
 r - 4 scrolls of teleportation
 x - 3 scrolls of enchant weapon
 y - a scroll of torment
 B - 3 scrolls of magic mapping {unknown}
 C - 2 scrolls of amnesia
 G - a scroll of fear
 L - a scroll of silence
 V - a scroll of summoning
Potions
 d - 3 potions of brilliance
 e - 5 potions of haste
 h - 4 potions of might
 j - 3 potions of curing
 m - 3 potions of degeneration
 q - 4 potions of mutation
 A - 2 potions of invisibility
 E - 5 potions of attraction
 N - 5 potions of lignification
 U - a potion of flight
 X - 2 potions of resistance {unknown}


   Skills:
 - Level 3.5 Fighting
 - Level 3.0 Armour
 + Level 8.8 Dodging
 + Level 10.3 Stealth
 - Level 4.0 Shields
 + Level 8.6 Spellcasting
 + Level 6.8 Conjurations
 * Level 7.9 Necromancy
 - Level 5.1 Transmutations
 + Level 12.6 Earth Magic
 - Level 2.0 Evocations


You had 4 spell levels left.
You knew the following spells:

 Your Spells              Type           Power      Damage    Failure   Level
a - Sandblast             Erth           100%       2d20      1%          1
b - Stone Arrow           Conj/Erth      100%       3d13      1%          3
c - Petrify               Tmut/Erth      60%        N/A       1%          4
d - Passwall              Tmut/Erth      50%        N/A       1%          2
e - Vampiric Draining     Necr           28%        2d10      1%          3
f - Iron Shot             Conj/Erth      32%        9d7       17%         6
g - Lee's Rapid Deconstr  Erth           36%        3d19*     1%          5

Your spell library contained the following spells:

 Spells                   Type           Power      Damage    Failure   Level
 Animate Skeleton         Necr           100%       N/A       1%          1
 Pain                     Necr           100%       1d9       1%          1
 Sublimation of Blood     Necr           28%        N/A       1%          2
 Static Discharge         Conj/Air       33%        N/A       2%          2
 Dazzling Flash           Conj/Hex       66%        N/A       4%          3
 Summon Small Mammal      Summ           48%        N/A       7%          1
 Hailstorm                Conj/Ice       33%        3d8       16%         4
 Gell's Gravitas          Tloc           6%         N/A       21%         3
 Lesser Beckoning         Tloc           12%        N/A       21%         3
 Teleport Other           Tloc           12%        N/A       21%         3
 Ice Form                 Ice/Tmut       28%        N/A       22%         4
 Agony                    Necr           57%        N/A       7%          5
 Excruciating Wounds      Necr           28%        N/A       7%          5
 Irradiate                Conj/Tmut      24%        3d22      16%         5
 Silence                  Hex/Air        6%         N/A       86%         5
 Simulacrum               Ice/Necr       18%        N/A       86%         6
 Lehudib's Crystal Spear  Conj/Erth      32%        10d8      99%         8
 Dispersal                Tloc           6%         N/A       100%        6
 Summon Hydra             Summ           6%         N/A       100%        7
 Disjunction              Tloc           6%         N/A       100%        8
 Summon Horrible Things   Summ           6%         N/A       100%        8


Dungeon Overview and Level Annotations

Branches:
Dungeon (12/15)            Temple (0/1) D:5            Lair (0/6) D:11
    Orc (2/2) D:11          Sewer (visited)           IceCv (visited)
    Elf: Orc:2

Altars:
Ashenzari
Dithmenos
Fedhas
Kikubaaqudgha
Makhleb
Nemelex Xobeh
Qazlal
Ru
Trog
Vehumet
Wu Jian
Xom
Yredelemnul
Zin
The Shining One
Ignis

Portals:
Abyss: D:3

Annotations:
Orc:1 Rupert


Innate Abilities, Weirdness & Mutations

You are resistant to damage.
You can heal yourself by infusing magical energy.
You passively map the area around you.
You do not regenerate.


Message History

You can't see any enemies this would affect, really read the scroll of fear?
Okay, then.
Okay, then.
Unknown command.
Okay, then.
Okay, then.
Okay, then.
Press: ? - help, v - describe, . - travel
Here: Rupert, wielding a +3 great mace of venom and wearing a +0 chain mail (severely wounded, berserk)
The floor.
Unknown command.
(D) Dungeon (T) Temple (L) Lair (O) Orcish Mines
Where to? (Enter - Orc:2, ? - help)
Okay, then.
Casting: Stone Arrow (safe; 1% risk of failure)
Confirm with . or Enter, or press ? or * to list all spells.
Okay, then.
Unknown command.
Unknown command.
Okay, then.
Press: ? - help, v - describe, . - travel
Here: Rupert, wielding a +3 great mace of venom and wearing a +0 chain mail (severely wounded, berserk)
The floor.
Casting: Stone Arrow (safe; 1% risk of failure)
Confirm with . or Enter, or press ? or * to list all spells.
Aiming: Lee's Rapid Deconstruction (dangerous; 1% risk of failure)
Press: ? - help, Dir - move target, f - you You cannot affect that.
A stone staircase leading down, spattered with blood.
Okay, then.
Unknown command.
Casting: Lee's Rapid Deconstruction (dangerous; 1% risk of failure)
Confirm with . or Enter, or press ? or * to list all spells.
Aiming: Iron Shot (dangerous; 17% risk of failure)
Press: ? - help, Shift-Dir - straight line, f - Rupert
Aim: Rupert, wielding a +3 great mace of venom and wearing a +0 chain mail (severely wounded, berserk, 81% to hit)
The iron shot hits Rupert!!
Rupert is almost dead.
Rupert hits you with a +3 great mace of venom!!!
You die...

###........##
##...........#
#....[......####
####..............
##.###...##.#.....#
##...##...###.<...#.
##...#...)[)[........
#.......[.#.....##.#.
###..@@...####.....####
###........####......# ##
##............##...#.####.
#....#.............#####..
##.......#.....#.#.###....
###.............##...#.....
#.........#......##.#......
#........###.....#####..)..
##......#......### #...).


You could see Rupert (berserk).

Vanquished Creatures
  Gastronok (D:10)
  A reaper (IceCv)
  Harold (D:7)
  2 boulder beetles
  A hydra (D:12)
  2 centaur warriors
  2 two-headed ogres
  Pikel (D:5)
  An ugly thing (IceCv)
  A manticore (D:11)
  A slime creature (D:11)
  A centaur zombie (D:10)
  An ice statue (IceCv)
  A gargoyle (D:12)
  Maggie (D:6)
  4 orange demons (D:10)
  An unseen horror (D:11)
  An entropy weaver simulacrum (IceCv)
  2 ice devils (Orc:1)
  2 red devils (D:10)
  4 trolls
  A shadow (D:11)
  5 wyverns
  12 yaks
  A vampire (D:7)
  A basilisk (D:11)
  3 wraiths
  The ghost of Welzeim the Covered, an amateur MiFi (D:3)
  3 vampire mosquitoes (D:10)
  4 death yak simulacra (IceCv)
  2 steam dragons
  A warg (Orc:1)
  A harpy simulacrum (IceCv)
  3 acid dragons
  A water moccasin (D:9)
  Duvessa (D:6)
  9 orc warriors
  A swamp drake (D:11)
  Purgy (Sewer)
  A necrophage (D:5)
  2 ice beasts
  4 black bears
  3 sky beasts
  3 ogres
  2 centaurs (D:9)
  A lemure (D:5)
  2 bullfrogs
  A scorpion (D:7)
  5 two-headed ogre simulacra (IceCv)
  2 gnoll sergeants
  A cane toad simulacrum (IceCv)
  Dowan (D:6)
  12 killer bees
  9 wights
  A small abomination (D:3)
  4 elephant simulacra (IceCv)
  A quasit (D:3)
  13 orc priests
  3 jellies
  3 gnoll shamans
  2 hounds
  An iron imp (D:3)
  Jessica (D:2)
  Terence (D:2)
  6 iguanas
  16 orc wizards
  7 spriggan simulacra (IceCv)
  2 polar bear simulacra (IceCv)
  2 troll simulacra (IceCv)
  2 wolf simulacra (IceCv)
  A howler monkey zombie (D:6)
  21 gnolls
  2 howler monkey skeletons
  A river rat (D:4)
  7 adders
  8 naga simulacra (IceCv)
  8 white imps
  5 ufetubi
  An adder skeleton (D:4)
  2 worms (D:4)
  2 dart slugs (D:2)
  49 orcs
  2 bats (D:3)
  3 endoplasms
  4 giant cockroaches
  5 goblins
  5 hobgoblins
  6 jackals (D:3)
  7 kobolds
  5 quokkas
  11 ball pythons
  7 frilled lizards
  5 rats
364 creatures vanquished.

Vanquished Creatures (collateral kills)
  A kobold (D:3)
1 creature vanquished.

Vanquished Creatures (others)
  89 foxfires
  A fungus (D:1)
  A plant (D:1)
91 creatures vanquished.

Grand Total: 456 creatures vanquished

Notes
Turn   | Place    | Note
-------+----------+-------------------------------------------
     0 | D:1      | Dabor the Deep Dwarf Earth Elementalist began the quest for
                  | the Orb.
     0 | D:1      | Reached XP level 1. HP: 15/15 MP: 3/3
   247 | D:1      | Reached skill level 1 in Transmutations
   378 | D:1      | Reached XP level 2. HP: 20/22 MP: 1/4
   449 | D:1      | Found a faded altar of an unknown god.
   457 | D:1      | Became a worshipper of Ignis, the Dying Flame
   785 | D:2      | Noticed Jessica
   787 | D:2      | Killed Jessica
   788 | D:2      | Reached XP level 3. HP: 27/30 MP: 2/6
   794 | D:2      | Learned a level 3 spell: Stone Arrow
  1171 | D:2      | Noticed Terence
  1228 | D:2      | Killed Terence
  1229 | D:2      | Reached skill level 1 in Fighting
  1229 | D:2      | Reached XP level 4. HP: 34/38 MP: 0/7
  1456 | D:2      | Reached skill level 1 in Conjurations
  1658 | D:2      | Reached skill level 5 in Earth Magic
  1800 | D:3      | Found a transporter.
  1821 | D:3      | Found a transporter.
  1848 | D:3      | Found an ancient bone altar of Kikubaaqudgha.
  2427 | D:3      | Noticed Welzeim's ghost (amateur MiFi)
  2429 | D:3      | Found a one-way gate to the infinite horrors of the Abyss.
  2782 | D:4      | Reached XP level 5. HP: 38/44 MP: 4/8
  2855 | D:4      | Found a basalt altar of Yredelemnul.
  2898 | D:4      | Found a glowing silver altar of Zin.
  2900 | D:4      | Found a burning altar of Makhleb.
  2902 | D:4      | Found a sparkling altar of Nemelex Xobeh.
  2956 | D:4      | Found a shadowy altar of Dithmenos.
  3044 | D:4      | Found a glowing drain.
  3074 | Sewer    | Entered a sewer
  3203 | Sewer    | Noticed Purgy
  3225 | Sewer    | Killed Purgy
  3226 | Sewer    | Reached XP level 6. HP: 32/52 MP: 1/9
  4737 | D:4      | Reached skill level 6 in Earth Magic
  5008 | D:4      | Learned a level 4 spell: Petrify
  5012 | D:4      | Reached XP level 7. HP: 44/60 MP: 1/11
  5028 | D:4      | Found a bloodstained altar of Trog.
  5164 | D:4      | Found a stormy altar of Qazlal.
  5686 | D:3      | Killed Welzeim's ghost
  5687 | D:3      | Reached skill level 7 in Earth Magic
  5932 | D:4      | Found a blossoming altar of Fedhas.
  5932 | D:4      | Found a broken altar of Ashenzari.
  6123 | D:4      | Found a radiant altar of Vehumet.
  6268 | D:5      | Entered Level 5 of the Dungeon
  6272 | D:5      | Identified the +8 spear "Murgh" {flame, rF- Int+8}
  6286 | D:4      | Reached XP level 8. HP: 58/68 MP: 4/12
  6735 | D:5      | Found a staircase to the Ecumenical Temple.
  6979 | D:5      | Reached skill level 1 in Evocations
  7012 | D:5      | Noticed Pikel
  7037 | D:5      | Killed Pikel
  7038 | D:5      | Reached skill level 5 in Stealth
  7038 | D:5      | Reached skill level 8 in Earth Magic
  7363 | D:5      | Found a sacrificial altar of Ru.
  7486 | D:6      | Gained mutation: You passively map the area around you.
                  | [Deep Dwarf growth]
  7486 | D:6      | Reached XP level 9. HP: 52/76 MP: 12/15
  7544 | D:6      | Noticed Maggie
  7553 | D:6      | Killed Maggie
  7554 | D:6      | Reached skill level 5 in Dodging
  7554 | D:6      | Reached skill level 9 in Earth Magic
  7670 | D:6      | Noticed Dowan
  7671 | D:6      | Noticed Duvessa
  7672 | D:6      | Killed Dowan
  7677 | D:6      | Killed Duvessa
  8374 | D:6      | Learned a level 2 spell: Passwall
  8511 | D:6      | Learned a level 3 spell: Vampiric Draining
  8618 | D:6      | Reached skill level 5 in Spellcasting
  8767 | D:7      | Noticed Harold
  8778 | D:7      | Killed Harold
  8779 | D:7      | Reached skill level 1 in Necromancy
  8779 | D:7      | Reached skill level 10 in Earth Magic
  9026 | D:7      | Reached XP level 10. HP: 65/83 MP: 11/18
  9161 | D:7      | Found a shimmering altar of Xom.
  9734 | D:7      | Found a glowing golden altar of the Shining One.
  9843 | D:8      | Reached skill level 5 in Transmutations
 10048 | D:8      | Identified a scroll of acquirement
 10048 | D:8      | Acquired Dabor's Collected Works on the Mountains and the
                  | Voyage
 10057 | D:8      | Learned a level 6 spell: Iron Shot
 10330 | D:8      | Noticed a centaur warrior
 10340 | D:8      | Killed a centaur warrior
 10341 | D:8      | Reached skill level 11 in Earth Magic
 10459 | D:8      | Found an ornate altar of the Wu Jian Council.
 11313 | D:10     | Entered Level 10 of the Dungeon
 11330 | D:10     | Reached XP level 11. HP: 81/90 MP: 3/21
 11336 | D:10     | Noticed Gastronok
 11391 | D:10     | Killed Gastronok
 11743 | D:10     | Reached skill level 5 in Conjurations
 12323 | D:10     | Reached skill level 5 in Necromancy
 12761 | D:11     | Noticed a centaur warrior
 12766 | D:11     | Killed a centaur warrior
 12809 | D:11     | Reached skill level 1 in Armour
 12809 | D:11     | Reached skill level 1 in Shields
 13188 | D:11     | Noticed a two-headed ogre
 13200 | D:11     | Killed a two-headed ogre
 13201 | D:11     | Reached XP level 12. HP: 61/97 MP: 13/24
 13220 | D:11     | Reached skill level 12 in Earth Magic
 13363 | D:11     | Found a staircase to the Lair.
 13480 | D:11     | Noticed a boulder beetle
 13488 | D:11     | Killed a boulder beetle
 14066 | D:11     | Found a staircase to the Orcish Mines.
 14182 | D:12     | Noticed a five-headed hydra
 14221 | D:12     | Killed a five-headed hydra
 14336 | D:12     | Noticed a boulder beetle
 14343 | D:12     | Killed a boulder beetle
 14945 | Orc:1    | Entered Level 1 of the Orcish Mines
 15256 | Orc:1    | Found a frozen archway.
 15259 | IceCv    | Entered an ice cave
 15426 | IceCv    | Identified the +5 ring mail of Honour {Rampage rC- Will+}
 15726 | IceCv    | Learned a level 5 spell: Lee's Rapid Deconstruction
 15789 | IceCv    | Reached skill level 10 in Stealth
 15872 | IceCv    | Noticed a reaper
 16021 | IceCv    | Killed a reaper
 16138 | IceCv    | Got the Collected Works on Supportive Feathers
 16343 | Orc:1    | Noticed a two-headed ogre
 16370 | Orc:1    | Killed a two-headed ogre
 16664 | Orc:2    | Entered Level 2 of the Orcish Mines
 16667 | Orc:2    | Noticed Rupert
 16674 | Orc:2    | Noticed an orc high priest
 16680 | Orc:1    | Annihilated by Rupert

Illustrated notes

Levels and vault maps discovered:
D:1:      psy_arrival_whirlpool, layout_loops_cross,
          shapermc_ecumenical_altar_mp_urbaneastern
D:2:      layout_basic, uniq_terence, uniq_jessica
D:3:      layout_loops_corners, mainiacjoe_overflow_surrounded_room,
          gammafunk_ghost_abyssal_escape
D:4:      layout_layer_cave, nicolae_overflow_hidden_temple,
          mainiacjoe_overflow_chevrons, nicolae_qazlal_general_emergency,
          mainiacjoe_overflow_divided_tiny, minitemple, portal_sewer_entry_e
D:5:      layout_basic, lemuel_coloured_pillars_altar, minmay_temple_entry_grid,
          serial_bayou_lake_a, uniq_pikel
D:6:      layout_loops_ring, st_stairs_9, hangedman_decor_opposing,
          grunt_ministairs_2, uniq_maggie, uniq_duvessa
D:7:      layout_loops_ring, mainiacjoe_overflow_alcove_2,
          nicolae_tso_swordbearing_angel, feat_on_display, uniq_harold
D:8:      layout_rooms, nicolae_wu_jian_glorious_leap
D:9:      layout_cave_pools, minmay_misc_feat_more_columns
D:10:     layout_gridville, minmay_beelzebubs_servants, uniq_gastronok
D:11:     layout_roguey, erik_lair_dragon, david_orc_4, interstate_on_off
D:12:     layout_roguey, serial_corexii_hall, corexii_hall_statues_u,
          chequers_hall_statues_wall_a, uniq_jorgrun
Orc:1:    layout_diamond_mine, portal_ice_cave_demonic_guard
Orc:2:    st_orc_congregation, layout_caves, gammafunk_ghost_grave,
          minmay_orc_temple_c, uniq_maurice, uniq_snorg, uniq_rupert

Skill      XL: |  1  2  3  4  5  6  7  8  9 10 11 12 |
---------------+-------------------------------------+-----
Transmutations | 1 2 3 4 5 |  5.1
Spellcasting   | 2 3 4 5 6 8 |  8.6
Fighting       | 1 2 3 |  3.5
Conjurations   | 1 2 4 6 |  6.8
Earth Magic    | 5 6 7 8 10 11 12 | 12.6
Stealth        | 3 4 5 6 8 9 10 | 10.3
Dodging        | 3 4 5 6 7 8 |  8.8
Evocations     | 2 |  2.0
Necromancy     | 2 3 5 7 |  7.9
Armour         | 1 3 |  3.0
Shields        | 1 4 |  4.0

Action                   |  1- 3 |  4- 6 |  7- 9 | 10-12 || total
-------------------------+-------+-------+-------+-------++-------
Melee: Rapier            |     5 |       |       |       ||     5
       Mace              |       |    12 |       |       ||    12
       Short sword       |       |       |     8 |       ||     8
       Spear             |       |       |     5 |    40 ||    45
       Unarmed           |       |       |       |     8 ||     8
 Cast: Sandblast         |    29 |    77 |    75 |   122 ||   303
       Stone Arrow       |     3 |    10 |    56 |   211 ||   280
       Petrify           |       |       |     1 |    15 ||    16
       Vampiric Draining |       |       |    12 |   120 ||   132
       Passwall          |       |       |     1 |     7 ||     8
       Lee's Rapid Decon |       |       |       |    26 ||    26
       Iron Shot         |       |       |       |     1 ||     1
Invok: Foxfire Swarm     |       |     1 |     1 |     8 ||    10
       Sea of Fire       |       |     1 |       |       ||     1
 Abil: Heal Wounds       |       |       |     2 |    13 ||    15
Evoke: Wand              |       |       |     3 |     2 ||     5
  Use: Scroll            |       |    11 |     3 |    16 ||    30
       Potion            |       |     2 |     1 |    12 ||    15
Armor: Robe              |     1 |    12 |    12 |       ||    25
       Acid dragon scale |       |       |     3 |       ||     3
       Steam dragon scal |       |       |     2 |    91 ||    93
       Skin              |       |       |       |     1 ||     1
Dodge: Dodged            |     3 |    38 |    42 |   183 ||   266
Block: Kite shield       |       |       |       |    56 ||    56

Table legend: (Time is in decaauts)
 A = Elapsed time spent in this place.
 B = Non-inter-level travel time spent in this place.
 C = Inter-level travel time spent in this place.
 D = Time resting spent in this place.
 E = Time spent auto-exploring this place.
 F = Levels seen in this place.
 G = Mean time per level.
                   A        B        C        D        E       F      G
               +--------+--------+--------+--------+--------+-----+--------+
         Total |  16784 |  16118 |    666 |   3264 |   8716 |  16 | 1049.0 |
       Dungeon |  13352 |  12749 |    603 |   1585 |   7941 |  12 | 1112.7 |
  Orcish Mines |    813 |    750 |     63 |    160 |    315 |   2 |  406.5 |
         Sewer |   1691 |   1691 |      0 |   1342 |    211 |   1 | 1691.0 |
      Ice Cave |    927 |    927 |      0 |    177 |    248 |   1 |  927.0 |
               +--------+--------+--------+--------+--------+-----+--------+

Top non-repeatable levels by time:
   Sewer: 1691 daAuts
     D:4: 1587 daAuts
    D:11: 1545 daAuts
     D:3: 1421 daAuts
    D:10: 1410 daAuts
     D:6: 1289 daAuts
     D:5: 1151 daAuts
     D:7: 1135 daAuts
     D:2: 995 daAuts
   IceCv: 927 daAuts
   Orc:1: 799 daAuts
     D:9: 719 daAuts
     D:8: 718 daAuts
     D:1: 715 daAuts
    D:12: 662 daAuts
